Map: Golden Wall LE

Players

LiquidClem (Clem) - Winner!

  • Race: Terran Terran
  • Spawn Location: 5:00

soO

  • Race: Zerg Zerg
  • Spawn Location: 7:00

Event: StayAtHomestory Cup #2

VOD

Have the link to the VOD?

Description

Time

  • Played on: June 11, 2020, 7:13 a.m.
  • Length: 8:54

All games in this series

Show
View Real Time Build Order
Export as new Build Order

LiquidClem Terran - Winner!

Build Orders: Hellion Opening, Reaper Expand 

Get SALT Encoding   

  12  0:00  SCV  
  13  0:12  SCV  
  14  0:17  Supply Depot  
  14  0:24  SCV  
  15  0:39  SCV  
  15  0:40  Barracks  
  16  0:44  Refinery  
  16  0:51  SCV  
  17  1:03  SCV  
  18  1:15  SCV  
  19  1:27  Orbital Command, Reaper  
  20  1:41  Command Center  
  20  1:49  Supply Depot  
  20  1:53  SCV  
  21  1:59  Marine  
  22  2:05  SCV  
  23  2:11  Factory  
  23  2:17  SCV  
  23  2:19  Refinery  
  23  2:22  Barracks Reactor  
  24  2:29  SCV  
  25  2:41  SCV  
  26  2:54  Orbital Command  
  26  2:56  Starport  
  26  3:02  SCV  
  26  3:03  Hellion x2  
  32  3:09  Barracks Tech Lab  
  31  3:14  SCV  
  32  3:20  SCV  
  32  3:25  Armory, Hellion x2  
  32  3:26  SCV  
  38  3:33  Medivac  
  40  3:38  Supply Depot  
  40  3:40  SCV x2  
  42  3:47  Hellion  
  42  3:48  Hellion  
  46  4:00  SCV x2, Stimpack  
  46  4:02  Supply Depot  
  48  4:07  Starport Reactor  
  48  4:10  Hellion  
  48  4:11  Hellion  
  48  4:12  SCV x2  
  55  4:24  SCV, Supply Depot  
  55  4:27  SCV  
  56  4:33  Marine  
  56  4:36  SCV, Command Center  
  58  4:50  Factory Reactor  
  58  4:51  Barracks, Marine  
  58  4:52  SCV x2, Barracks  
  61  5:03  Engineering Bay  
  61  5:04  SCV, Starport Reactor, Engineering Bay  
  62  5:09  Marine  
  62  5:11  SCV  
  61  5:16  Supply Depot  
  61  5:17  SCV  
  60  5:24  SCV  
  60  5:26  Marine  
  54  5:29  SCV, Widow Mine x2  
  54  5:30  Terran Infantry Armor Level 1, Terran Infantry Weapons Level 1  
  54  5:32  Refinery x2  
  57  5:36  SCV  
  57  5:41  Marine x2  
  60  5:43  Combat Shield  
  60  5:44  Marine  
  60  5:48  Marine x2  
  63  5:51  Missile Turret  
  63  5:55  Missile Turret  
  63  5:59  Marine x2  
  63  6:01  Medivac  
  63  6:02  Medivac  
  69  6:05  Marine  
  69  6:08  Marine  
  69  6:09  Marine  
  74  6:11  Hellion x2  
  74  6:12  SCV  
  74  6:14  SCV  
  74  6:15  Hellion  
  78  6:19  Armory  
  78  6:20  Marine  
  78  6:22  Marine  
  81  6:26  SCV, Marine  
  81  6:28  Marine  
  81  6:29  SCV  
  81  6:31  Orbital Command  
  85  6:38  Marine  
  85  6:39  SCV  
  86  6:44  Barracks x2  
  86  6:47  Marine  
  86  6:50  SCV  
  88  6:54  Missile Turret  
  88  6:55  Marine, Widow Mine x2, Supply Depot  
  93  7:07  Supply Depot  
  93  7:08  Supply Depot  
  93  7:14  Marine  
  93  7:15  Marine  
  93  7:16  SCV x2, Marine x3, Medivac x2  
  93  7:17  SCV  
  93  7:21  Widow Mine x2  
  98  7:28  SCV  
  95  7:30  Barracks  
  95  7:31  Marine  
  95  7:33  Marine  
  95  7:34  Marine  
  95  7:36  Marine x2  
  97  7:38  Barracks, Barracks Reactor x2  
  97  7:39  SCV, Barracks  
  97  7:42  SCV  
  99  7:47  Supply Depot  
  99  7:48  Widow Mine  
  99  7:49  Marine, Widow Mine  
  99  7:51  Marine  
  105  7:52  Medivac  
  105  7:53  Medivac  
  105  7:57  Supply Depot  
  109  8:10  Marine  
  108  8:14  Supply Depot  
  103  8:20  Marine  
  103  8:21  Marine  
  103  8:22  Marine x3, Widow Mine, Medivac  
  103  8:23  Marine x2, Medivac  
  103  8:26  Marine, Refinery  
  109  8:27  Marine  
  109  8:28  Marine  
  109  8:30  Marine  
  109  8:34  Marine  
Show
View Real Time Build Order
Export as new Build Order

soO Zerg 

Build Orders: Hatch First, Muta Ling Bane 

Get SALT Encoding   

  12  0:02  Drone  
  13  0:12  Overlord  
  13  0:18  Drone  
  14  0:31  Drone x2  
  16  0:49  Hatchery  
  15  0:52  Drone  
  15  0:56  Drone  
  17  0:59  Drone  
  18  1:10  Extractor  
  17  1:15  Spawning Pool  
  17  1:17  Drone  
  17  1:20  Drone  
  18  1:28  Drone  
  19  1:39  Drone  
  20  1:49  Overlord  
  20  2:01  Queen x2  
  20  2:02  Zergling x4  
  26  2:13  Drone x2  
  28  2:17  Metabolic Boost  
  28  2:23  Drone x2  
  29  2:37  Queen x2  
  29  2:41  Overlord  
  33  2:45  Drone  
  33  2:46  Drone  
  35  3:00  Overlord  
  35  3:01  Drone x2  
  35  3:05  Drone  
  38  3:12  Drone x3  
  41  3:13  Drone x2  
  41  3:16  Lair  
  43  3:20  Extractor  
  43  3:24  Drone x3  
  43  3:26  Drone  
  46  3:32  Overlord  
  46  3:36  Drone  
  47  3:50  Hatchery  
  47  3:51  Drone x2  
  47  3:52  Queen  
  47  3:55  Drone  
  51  3:56  Drone  
  51  3:59  Zergling x4  
  51  4:02  Drone x2  
  56  4:07  Baneling Nest  
  55  4:12  Overlord  
  55  4:13  Drone  
  55  4:15  Extractor  
  55  4:16  Extractor  
  54  4:22  Spire  
  54  4:24  Drone x2  
  55  4:28  Overseer  
  55  4:31  Zergling x6  
  58  4:42  Zergling x4  
  58  4:43  Queen, Zergling x4  
  62  4:56  Zergling x4  
  64  5:03  Zergling x2  
  65  5:08  Zergling x6  
  65  5:09  Zergling x2  
  59  5:18  Zergling x4  
  45  5:38  Mutalisk  
  45  5:41  Mutalisk  
  49  5:45  Mutalisk  
  51  5:50  Drone x3  
  51  5:52  Drone  
  51  5:54  Drone  
  51  5:56  Drone  
  58  5:57  Drone  
  58  6:01  Drone  
  60  6:04  Drone x2  
  60  6:10  Drone x4  
  65  6:15  Drone  
  66  6:19  Zerg Flyer Weapons Level 1  
  66  6:24  Overlord  
  66  6:26  Overlord  
  66  6:30  Drone x2  
  66  6:33  Overlord  
  66  6:35  Overlord  
  66  6:39  Centrifical Hooks  
  66  6:45  Zergling x16  
  74  6:51  Baneling x6  
  74  6:54  Zergling x8  
  74  7:01  Mutalisk  
  78  7:04  Zergling x6  
  78  7:07  Baneling  
  78  7:08  Overlord, Baneling  
  83  7:10  Zergling x8  
  83  7:19  Zergling x8  
  81  7:24  Mutalisk  
  81  7:28  Zergling x4  
  81  7:29  Mutalisk  
  80  7:35  Drone  
  80  7:36  Drone x3  
  83  7:38  Extractor  
  81  7:44  Mutalisk  
  81  7:47  Queen  
  81  7:49  Baneling  
  81  7:50  Baneling x2  
  85  7:54  Zergling x14  
  92  8:04  Overlord  
  91  8:06  Overlord  
  91  8:09  Mutalisk  
  92  8:14  Baneling x3  
  88  8:23  Zergling x12  
  87  8:27  Mutalisk x2  
  86  8:36  Zergling x8  
Tags
 
Add a new tag
Caveats
  • Supply blocks, unpowered buildings, or Contaminate may cause inaccurate times.
  • Supply counts are checked every 10 seconds.